 Dungeon Crawl Stone Soup version 0.28-a0-500-g121bc3e445 (webtiles) character file.

Game seed: 7293668283197811472

37 Shayle the Skirmisher (level 3, -2/37 HPs)
             Began as an Ogre Warper on Sept 19, 2021.
             Succumbed to Terence's poison
             ... on level 2 of the Dungeon.
             The game lasted 00:02:51 (1319 turns).

Shayle the Skirmisher (Ogre Warper)                 Turns: 1319, Time: 00:02:51

Health: -2/37      AC:  3    Str: 15    XL:     3   Next: 41%
Magic:  4/6        EV:  9    Int: 15    God:
Gold:   28         SH:  0    Dex:  8    Spells: 1/6 levels left

rFire   . . .      SeeInvis .   a - +0 spear
rCold   . . .      Faith    .   (no shield)
rNeg    . . .      Spirit   .   b - +0 robe
rPois   .          Reflect  .   (helmet restricted)
rElec   .          Harm     .   (no cloak)
rCorr   .          Rampage  .   (gloves unavailable)
Will    .....                   (boots unavailable)
Stlth   +.........              (no amulet)
HPRegen 0.12/turn               (no ring)
MPRegen 0.10/turn               (no ring)

@: lethally poisoned (-2 -> -24)
A: large, unfitting armour, tough skin 1
a: no special abilities


You were on level 2 of the Dungeon.
You visited 1 branch of the dungeon, and saw 2 of its levels.

You collected 28 gold pieces.

Inventory:

Hand Weapons
 a - a +0 spear (weapon)
Missiles
 d - 5 boomerangs of dispersal (quivered)
 f - 8 boomerangs
 h - 17 poisoned darts
Armour
 b - a +0 robe (worn)
Scrolls
 c - a scroll of blinking
 e - a scroll of amnesia {unknown}
 i - a scroll of teleportation {unknown}
 k - a scroll of holy word {unknown}
Potions
 g - a potion of flight {unknown}
 j - a potion of attraction {unknown}


   Skills:
 + Level 3.6 Fighting
 * Level 3.2 Polearms
 - Level 1.0 Throwing
 - Level 2.1 Dodging
 - Level 2.4 Spellcasting
 - Level 2.6 Translocations


You had one spell level left.
You knew the following spells:

 Your Spells              Type           Power      Damage    Failure   Level
a - Blink                 Tloc           N/A        N/A       11%         2
b - Teleport Other        Tloc           9%         N/A       22%         3

Your spell library contained the following spells:

 Spells                   Type           Power      Damage    Failure   Level
 Gell's Gravitas          Tloc           4%         N/A       22%         3
 Lesser Beckoning         Tloc           9%         N/A       22%         3
 Manifold Assault         Tloc           9%         N/A       89%         5


Dungeon Overview and Level Annotations

Branches:
Dungeon (2/15)

Altars:

Annotations:
D:2 Terence


Innate Abilities, Weirdness & Mutations

You are too large for most types of armour.
You have tough skin. (AC +1)


Message History

There is a stone staircase leading up here.
You hit the ball python.
The ball python is moderately wounded.
The ball python bites you.
The ball python bites you but does no damage.
You hit the ball python but do no damage.
The ball python is moderately wounded.
The ball python bites you.
You hit the ball python.
The ball python is moderately wounded.
The ball python bites you.
You hit the ball python.
You kill the ball python!
You hit Terence but do no damage. Terence hits you but does no damage.
You are poisoned.
You barely miss Terence.
You feel very sick. Terence closely misses you.
You hit Terence.
Terence is lightly wounded.
You feel sick. Terence barely misses you.
You hit Terence but do no damage.
Terence is lightly wounded.
You feel sick. Terence completely misses you.
You closely miss Terence.
Terence is lightly wounded.
You feel sick.
Terence hits you with a +5 short sword of venom!
* * * LOW HITPOINT WARNING * * *
You are lethally poisoned!
You hit Terence.
Terence is lightly wounded.
* * * LOW HITPOINT WARNING * * *
You feel very sick. Terence closely misses you.
Cast which spell? (? or * to list)
Okay, then.
Cast which spell? (? or * to list)
You blink.
You die...

#.# #.#
#ยง# #@#
#.# . # #.#
#..#?###.##
..........#
.......@..#
..........#
..........#
.<...)....#
..........#
.###>######
.. ...


You could see Terence.

Vanquished Creatures
  An adder (D:2)
  A dart slug (D:1)
  4 ball pythons
  2 bats (D:1)
  A giant cockroach (D:1)
  A goblin (D:1)
  3 hobgoblins (D:1)
  5 jackals (D:1)
  2 quokkas (D:1)
  A frilled lizard (D:1)
  2 kobolds (D:1)
  A rat (D:1)
24 creatures vanquished.

Notes
Turn   | Place    | Note
-------+----------+-------------------------------------------
     0 | D:1      | Shayle the Ogre Warper began the quest for the Orb.
     0 | D:1      | Reached XP level 1. HP: 22/22 MP: 3/3
   283 | D:1      | Reached XP level 2. HP: 28/31 MP: 5/5
   553 | D:1      | Found a faded altar of an unknown god.
   944 | D:1      | Reached XP level 3. HP: 30/37 MP: 6/6
  1294 | D:2      | Learned a level 2 spell: Blink
  1298 | D:2      | Learned a level 3 spell: Teleport Other
  1301 | D:2      | Noticed Terence
  1319 | D:2      | Succumbed to Terence's poison

Illustrated notes

Levels and vault maps discovered:
D:1:      dpeg_arrival_water_temple_mockup, layout_basic,
          hellmonk_ecumenical_altar_arch_garden, minmay_pentomino_o4
D:2:      layout_rooms, grunt_decor_one_mirror, uniq_terence

Skill      XL: |  1  2 |
---------------+-------+-----
Fighting       | 3 |  3.6
Polearms       | 3 |  3.2
Throwing       | |  1.0
Dodging        | |  2.1
Spellcasting   | |  2.4
Translocations | |  2.6

Action                   || total
-------------------------++-------
Melee: Spear             ||   107
 Cast: Blink             ||     1
Armor: Robe              ||    33
Dodge: Dodged            ||    60

Table legend: (Time is in decaauts)
 A = Elapsed time spent in this place.
 B = Non-inter-level travel time spent in this place.
 C = Inter-level travel time spent in this place.
 D = Time resting spent in this place.
 E = Time spent auto-exploring this place.
 F = Levels seen in this place.
 G = Mean time per level.
                   A        B        C        D        E       F      G
               +--------+--------+--------+--------+--------+-----+--------+
         Total |   1315 |   1302 |     13 |      0 |   1053 |   2 |  657.5 |
       Dungeon |   1315 |   1302 |     13 |      0 |   1053 |   2 |  657.5 |
               +--------+--------+--------+--------+--------+-----+--------+

Top non-repeatable levels by time:
     D:1: 1275 daAuts
     D:2: 39 daAuts
